 Dungeon Crawl Stone Soup version 0.30.1 (webtiles) character file.

Game seed: 18428934776796250772

539 jtron the Cudgeller (level 7, -1/68 HPs)
             Began as a Troll Berserker on July 4, 2023.
             Was a Priest of Trog.
             Slain by Natasha (5 damage)
             ... on level 4 of the Dungeon.
             The game lasted 00:04:30 (2200 turns).

jtron the Cudgeller (Troll Berserker)               Turns: 2200, Time: 00:04:31

Health: -1/68      AC:  4    Str: 28    XL:     7   Next: 5%
Magic:  6/6        EV: 10    Int:  3    God:    Trog [***...]
Gold:   154        SH:  0    Dex:  9    Spells: 6/6 levels left

rFire   . . .        a - +1 mace
rCold   . . .        (no shield)
rNeg    . . .        b - +0 animal skin
rPois   .            (helmet restricted)
rElec   .            (no cloak)
rCorr   .            (gloves unavailable)
SInv    .            (boots unavailable)
Will    .....        d - amulet of the acrobat
Stlth   +            (no ring)
HPRegen 1.11/turn    (no ring)
MPRegen 0.10/turn

%: acrobat
@: mighty, on berserk cooldown, slowed, very slow
A: large, unfitting armour, claws 3, regeneration 1, shaggy fur 1, tough skin 1
a: Renounce Religion, Berserk, Trog's Hand


You were on level 4 of the Dungeon.
You worshipped Trog.
Trog was most pleased with you.
You visited 1 branch of the dungeon, and saw 4 of its levels.

You collected 154 gold pieces.

Inventory:

Hand Weapons
 a - a +1 mace (weapon)
Missiles
 c - 57 stones (quivered)
 n - 8 poisoned darts
Armour
 b - a +0 animal skin (worn)
Jewellery
 d - an amulet of the acrobat (around neck)
Wands
 f - a wand of digging (5)
Scrolls
 g - 2 scrolls of blinking
 h - 3 scrolls of identify
 p - a scroll of poison
 q - 2 scrolls of enchant weapon
Potions
 e - a potion of heal wounds {unknown}
 l - a potion of cancellation
 m - a potion of invisibility {unknown}


   Skills:
 * Level 3.9 Fighting
 * Level 5.8 Maces & Flails
 + Level 3.4 Dodging
 + Level 0.3 Stealth


You had 6 spell levels left.
You didn't know any spells.
Your spell library was empty.

Dungeon Overview and Level Annotations

Branches:
Dungeon (4/15)
 Temple: D:4-7

Altars:
Dithmenos
Wu Jian

Annotations:
D:4 Natasha


Innate Abilities, Weirdness & Mutations

You are too large for most types of armour.
You have claws for hands.
Your natural rate of healing is unusually fast.
You are covered in fur. (AC +1)
You have tough skin. (AC +1)


Message History

Natasha's front paws start to glow.
The hound misses you. The orc hits you with a +0 hand axe.
The orc hits you with a +0 whip. The hound attacks as you move away!
The hound bites you.
The orc priest looks satisfied for a moment.
The orc hits you with a +0 hand axe. The hound barely misses you.
Things that are here:
a +0 hand axe; a +0 ring mail; an orc corpse The orc attacks as you move away!
The orc barely misses you. The hound misses you. The hound closely misses you.
The orc priest calls down the wrath of Beogh upon you.
Beogh smites you! The hound closely misses you.
Items here: ! )) / [[ †.
You thump the hound!
You kill the hound!
Trog accepts your kill.
Natasha casts a spell.
You have reached level 7!
You feel very mighty all of a sudden. The orc hits you with a +0 whip.
The orc closely misses you.
You barely miss the orc. Your claw misses the orc.
Natasha casts a spell.
The orc hits you with a +0 whip. x2
You sock the orc!
You kill the orc!
Trog accepts your kill.
The orc priest mumbles some strange prayers to Beogh against you.
Beogh smites you!
* * * LOW HITPOINT WARNING * * *
Natasha claws you.
* * * LOW HITPOINT WARNING * * *
The cerulean imp barely misses you.
You sock Natasha!
Natasha is almost dead.
The orc priest begins to cast a cantrip, but forgets the words!
Natasha casts a spell.
The cerulean imp hits you from afar with a +0 spear.
* * * LOW HITPOINT WARNING * * *
Natasha claws you.
You die...

###... ....##<..#. .....
.....#.... ##..####..#..##!.#
#............##$.#
##.#.#†#...#..##..###
...............oo5#..### ####
##.#.#<#†.....##5##.##.# #..
#.....###..####h##.##.# #.#
###.### #..# #@##.##.# #.##
#.#####..####.5.....###...##
#...........#..###...#†#.#.###
#######..##.#..# #............
#..# ##.# #...#.#.#.### #..#
.......###...# #..# ###.####
##.## ########..# #.#######.#
#.........## #.........#


You could see an orc priest, Natasha, 3 cerulean imps and an orc.

Vanquished Creatures
  Duvessa (D:4)
  A phantom (D:4)
  Dowan (D:4)
  A hound (D:4)
  An orc priest (D:4)
  2 jellies (D:2)
  An orc wizard (D:4)
  Natasha (D:4)
  Robin (D:4)
  3 adders
  A dart slug (D:1)
  11 orcs
  13 endoplasms
  3 giant cockroaches (D:1)
  7 goblins
  11 hobgoblins
  2 quokkas
  6 ball pythons
  5 bats
  7 frilled lizards
  12 kobolds
  3 rats
94 creatures vanquished.

Notes
Turn   | Place    | Note
-------+----------+-------------------------------------------
     0 | D:1      | jtron the Troll Berserker began the quest for the Orb.
     0 | D:1      | Reached XP level 1. HP: 22/22 MP: 0/0
    52 | D:1      | Reached XP level 2. HP: 29/29 MP: 1/1
    80 | D:1      | Reached skill level 3 in Maces & Flails
   629 | D:2      | Reached ** piety under Trog
   630 | D:2      | Reached XP level 3. HP: 37/37 MP: 2/2
   851 | D:2      | Reached XP level 4. HP: 26/45 MP: 3/3
   856 | D:2      | Reached skill level 4 in Maces & Flails
  1197 | D:3      | Reached XP level 5. HP: 53/53 MP: 4/4
  1216 | D:3      | Found a shadowy altar of Dithmenos.
  1809 | D:4      | Noticed Natasha
  1820 | D:4      | Killed Natasha
  1917 | D:4      | Found an ornate altar of the Wu Jian Council.
  1937 | D:4      | Reached *** piety under Trog
  1998 | D:4      | Noticed a phantom
  2018 | D:4      | Killed a phantom
  2019 | D:4      | Reached skill level 5 in Maces & Flails
  2019 | D:4      | Reached XP level 6. HP: 42/62 MP: 5/5
  2037 | D:4      | Noticed Robin
  2051 | D:4      | Killed Robin
  2163 | D:4      | Noticed Duvessa
  2172 | D:4      | Noticed Dowan
  2178 | D:4      | Killed Duvessa
  2181 | D:4      | Killed Dowan
  2191 | D:4      | Noticed Natasha
  2197 | D:4      | Reached XP level 7. HP: 25/68 MP: 6/6
  2200 | D:4      | Slain by Natasha

Illustrated notes

Levels and vault maps discovered:
D:1:      scummos_arrival_checkerplants, layout_basic,
          hangedman_abyss_or_decor_stabs, serial_bayou_pond_d,
          minmay_lizard_pond
D:2:      cheibrodos_fertilizer, layout_rooms
D:3:      layout_basic, amcnicky_altar_gilded
D:4:      layout_loops_ring, mainiacjoe_overflow_catch_the_wave,
          minmay_misc_feat_iff, uniq_crazy_yiuf_cottage, uniq_robin,
          uniq_duvessa, uniq_natasha

Skill      XL: |  1  2  3  4  5 |
---------------+----------------+-----
Maces & Flails | 3 4 5 |  5.8
Fighting       | 3 |  3.9
Dodging        | 3 |  3.4
Stealth        | |  0.3

Action                     |  1- 3 |  4- 6 |  7- 9 || total
---------------------------+-------+-------+-------++-------
  Melee: Mace              |   146 |   153 |     3 ||   302
         Punch             |     1 |     1 |       ||     2
 Invoke: Berserk           |     1 |     2 |       ||     3
    Use: Scroll            |     5 |     5 |       ||    10
         Potion            |       |     2 |     1 ||     3
   Stab: Sleeping          |       |     1 |       ||     1
 Armour: Animal skin       |    81 |    46 |       ||   127
  Dodge: Dodged            |   103 |   103 |     2 ||   208
